Map: 普列昂台地

Players

FWHas (Has)

  • Race: Protoss Protoss
  • League: Master

Sen - Winner!

  • Race: Zerg Zerg
  • League: Master

Event: 2016 WCS Winter Challenger Taiwan

VOD

Have the link to the VOD?

Description

Time

  • Played on: Jan. 8, 2016, 6:58 a.m.
  • Length: 12:29

All games in this series

Show
View Real Time Build Order
Export as new Build Order

FWHas Protoss 

Build Orders: Nexus First 

Get SALT Encoding   

  12  0:01  Probe (Chrono Boost)  
  13  0:11  Probe (Chrono Boost)  
  14  0:17  Pylon  
  14  0:22  Probe (Chrono Boost)  
  15  0:35  Probe (Chrono Boost)  
  16  0:46  Probe (Chrono Boost)  
  17  0:58  Nexus  
  17  1:01  Probe (Chrono Boost)  
  18  1:10  Gateway  
  18  1:13  Probe (Chrono Boost)  
  19  1:23  Assimilator  
  19  1:24  Probe (Chrono Boost)  
  20  1:29  Assimilator  
  20  1:37  Forge  
  20  1:40  Probe (Chrono Boost)  
  21  1:51  Probe (Chrono Boost), Pylon  
  23  2:01  Probe (Chrono Boost)  
  23  2:13  Photon Cannon  
  23  2:15  Photon Cannon  
  23  2:23  Cybernetics Core  
  23  2:24  Probe (Chrono Boost)  
  23  2:25  Probe (Chrono Boost)  
  25  2:34  Probe x2, Zealot (Chrono Boost)  
  29  2:41  Pylon  
  29  2:46  Probe x2, Gateway  
  31  2:55  Warp Gate (Chrono Boost)  
  31  2:56  Probe  
  32  2:58  Probe  
  32  3:00  Adept (Chrono Boost)  
  35  3:07  Mothership Core (Chrono Boost)  
  35  3:11  Probe (Chrono Boost)  
  38  3:13  Twilight Council  
  38  3:23  Probe (Chrono Boost)  
  39  3:27  Probe (Chrono Boost)  
  39  3:32  Adept x2  
  39  3:33  Probe (Chrono Boost)  
  45  3:38  Probe (Chrono Boost)  
  45  3:39  Pylon, Assimilator  
  46  3:46  Assimilator  
  46  3:49  Resonating Glaives (Chrono Boost)  
  46  3:55  Pylon  
  46  3:56  Pylon  
  46  3:57  Probe x2 (Chrono Boost)  
  48  4:08  Probe (Chrono Boost), Robotics Facility  
  49  4:14  Probe (Chrono Boost)  
  50  4:19  Probe  
  51  4:26  Probe  
  51  4:27  Nexus  
  51  4:31  Probe  
  51  4:38  Probe  
  51  4:43  Probe  
  49  4:45  Pylon  
  49  4:46  Pylon  
  49  4:47  Protoss Ground Weapons Level 1 (Chrono Boost)  
  49  4:50  Probe  
  49  4:52  Warp Prism (Chrono Boost)  
  50  4:53  Gateway  
  50  4:54  Gateway  
  50  4:55  Probe  
  53  5:01  Pylon  
  53  5:02  Sentry  
  53  5:03  Sentry  
  57  5:09  Probe x2  
  57  5:13  Gateway  
  59  5:18  Robotics Bay  
  59  5:22  Probe, Forge  
  59  5:23  Probe  
  59  5:26  Sentry x2  
  59  5:27  Observer  
  65  5:34  Probe  
  67  5:35  Probe  
  67  5:37  Probe  
  69  5:46  Probe  
  69  5:47  Probe  
  69  5:48  Probe  
  72  5:50  Adept x2  
  80  5:58  Probe  
  80  6:01  Stalker x2  
  85  6:04  Pylon  
  85  6:05  Pylon  
  85  6:15  Assimilator  
  85  6:17  Assimilator  
  81  6:19  Adept x2  
  81  6:20  Pylon  
  81  6:26  Robotics Facility  
  81  6:28  Gateway  
  81  6:30  Gateway  
  81  6:32  Adept  
  83  6:33  Adept  
  85  6:40  Sentry x2  
  84  6:54  Pylon  
  84  6:55  Pylon  
  84  6:56  Pylon  
  80  7:12  Mothership Core  
  80  7:18  Stalker x2  
  80  7:22  Stalker  
  86  7:28  Pylon x4  
  86  7:41  Nexus  
  86  7:44  Pylon  
  86  7:46  Disruptor (Chrono Boost)  
  89  7:52  Stalker x3, Nexus  
  89  7:53  Stalker x2  
  89  7:55  Twilight Council  
  99  8:15  Disruptor (Chrono Boost)  
  102  8:24  Adept x3  
  102  8:25  Adept  
  110  8:29  Pylon  
  110  8:30  Pylon  
  110  8:31  Pylon  
  110  8:32  Pylon  
  110  8:35  Blink (Chrono Boost)  
  108  8:43  Warp Prism  
  102  8:57  Pylon  
  102  8:59  Pylon  
  102  9:09  Stalker  
  102  9:10  Stalker  
  102  9:13  Stalker x3  
  102  9:14  Disruptor  
  105  9:36  Stalker  
  105  9:37  Stalker x3  
  113  9:45  Stalker, Disruptor  
  102  10:05  Stalker x2  
  102  10:06  Stalker  
  84  10:15  Stalker  
  84  10:16  Disruptor  
  84  10:19  Probe  
  86  10:29  Stalker x2  
  86  10:32  Probe  
  91  10:35  Adept  
  93  10:44  Probe  
  82  10:52  Stalker x2  
  55  11:17  Stalker x2  
  55  11:18  Stalker  
  49  11:31  Stalker  
  48  11:35  Assimilator x2  
  48  11:36  Pylon  
  42  12:02  Stalker x2  
  42  12:03  Stalker x2  
Show
View Real Time Build Order
Export as new Build Order

Sen Zerg - Winner!

Build Orders: Hatch First 

Get SALT Encoding   

  12  0:00  Drone  
  13  0:08  Drone  
  14  0:17  Overlord  
  14  0:22  Extractor  
  14  0:24  Drone  
  15  0:36  Drone  
  15  0:37  Drone  
  17  0:43  Drone  
  18  1:00  Hatchery, Drone  
  18  1:08  Drone  
  19  1:17  Spawning Pool  
  18  1:25  Drone  
  19  1:28  Drone  
  20  1:44  Hatchery  
  19  1:50  Drone  
  19  1:51  Extractor  
  19  1:54  Overlord  
  19  2:01  Drone  
  20  2:06  Queen  
  22  2:15  Zergling x4  
  24  2:23  Zergling x4  
  26  2:30  Queen  
  28  2:44  Drone x2  
  29  2:45  Drone  
  31  2:53  Drone  
  31  2:54  Drone  
  31  2:55  Drone  
  31  2:58  Drone  
  35  3:04  Overlord  
  35  3:10  Metabolic Boost, Drone x2  
  37  3:15  Drone x2  
  37  3:16  Drone  
  37  3:19  Drone  
  41  3:23  Overlord  
  41  3:28  Drone  
  41  3:29  Drone x2  
  41  3:30  Drone  
  42  3:36  Queen  
  44  3:45  Drone x6  
  50  3:50  Drone, Extractor  
  50  3:52  Drone  
  50  3:53  Roach Warren  
  50  3:57  Extractor  
  50  4:01  Overlord  
  49  4:03  Zergling x4  
  49  4:06  Queen  
  49  4:07  Queen  
  55  4:13  Zergling x4  
  57  4:20  Overlord  
  55  4:32  Zergling x6  
  53  4:39  Drone  
  53  4:40  Drone x3  
  53  4:41  Overlord  
  53  4:42  Extractor  
  55  4:48  Roach x5  
  55  4:49  Overlord  
  65  5:12  Roach x8  
  65  5:13  Overlord x2  
  81  5:14  Lair  
  81  5:22  Overlord  
  81  5:30  Queen  
  81  5:34  Ravager x5  
  88  5:36  Overlord x2  
  88  5:39  Roach x3  
  88  5:41  Zergling x8  
  98  5:45  Roach x2  
  102  5:51  Zergling x6  
  103  6:00  Ravager  
  103  6:01  Ravager  
  104  6:08  Zergling x2, Roach x5  
  104  6:09  Zergling x2  
  114  6:16  Roach x3  
  115  6:26  Roach  
  114  6:36  Drone x9  
  116  6:50  Roach  
  116  6:54  Drone x2  
  116  6:55  Spire  
  116  7:06  Drone  
  114  7:09  Extractor  
  114  7:14  Drone  
  114  7:18  Drone x6  
  114  7:22  Drone  
  121  7:28  Overlord, Extractor  
  120  7:30  Overseer  
  120  7:34  Overseer  
  120  7:39  Overseer  
  120  7:41  Drone  
  120  7:42  Overlord x2  
  120  7:43  Overseer  
  121  7:45  Overseer  
  121  7:46  Drone  
  121  7:47  Drone  
  123  7:51  Overlord  
  121  8:06  Drone x2  
  121  8:07  Drone x2  
  123  8:17  Mutalisk x6  
  123  8:18  Mutalisk x2  
  139  8:30  Overlord  
  139  8:31  Overlord  
  139  8:32  Glial Reconstitution  
  139  8:37  Roach x5  
  149  8:45  Drone x2  
  143  8:56  Roach x6  
  155  9:07  Roach  
  155  9:08  Roach x4  
  165  9:13  Overlord  
  165  9:14  Overlord  
  165  9:19  Drone  
  165  9:22  Infestation Pit  
  136  9:46  Mutalisk x7  
  143  9:57  Mutalisk x2  
  129  10:00  Zergling x2  
  129  10:01  Zergling x10  
  116  10:07  Mutalisk  
  116  10:12  Mutalisk  
  104  10:22  Mutalisk x2  
  104  10:24  Zergling x2  
  104  10:25  Zergling x4  
  111  10:33  Mutalisk x2  
  115  10:36  Zergling x2  
  82  11:04  Mutalisk x4  
  82  11:07  Zergling x16  
  88  11:25  Mutalisk  
  88  11:26  Mutalisk x2  
  94  11:34  Mutalisk  
  94  11:35  Mutalisk  
  96  11:53  Hatchery  
  95  11:54  Mutalisk x3  
  99  12:10  Zergling x2  
  99  12:11  Zergling x6  
Tags
 
Add a new tag
Caveats
  • Supply blocks, unpowered buildings, or Contaminate may cause inaccurate times.
  • Supply counts are checked every 10 seconds.